Map: Deathaura LE

Players

Executor - Winner!

  • Race: Protoss Protoss
  • League: Diamond
  • Spawn Location: 11:00

straightup

  • Race: Protoss Protoss
  • League: Diamond
  • Spawn Location: 5:00

VOD

Have the link to the VOD?

Description

Time

  • Played on: Jan. 25, 2021, 9:52 a.m.
  • Length: 1:37
Show
View Real Time Build Order
Export as new Build Order

Executor Protoss - Winner!

Build Orders:  

Get SALT Encoding   

  12  0:00  Probe  
  13  0:12  Probe  
  14  0:17  Pylon  
  14  0:24  Probe  
  15  0:37  Probe  
  15  0:39  Gateway  
  16  0:44  Assimilator  
  16  0:49  Probe  
  17  1:01  Probe  
  18  1:07  Assimilator  
  18  1:10  Gateway  
  18  1:16  Probe (Chrono Boost)  
  19  1:24  Probe (Chrono Boost)  
  20  1:26  Cybernetics Core  
  20  1:37  Pylon  
Show
View Real Time Build Order
Export as new Build Order

straightup Protoss 

Build Orders:  

Get SALT Encoding   

  12  0:00  Probe  
  13  0:12  Probe  
  14  0:17  Pylon  
  14  0:24  Probe (Chrono Boost)  
  15  0:36  Probe (Chrono Boost)  
  15  0:38  Gateway  
  16  0:44  Probe (Chrono Boost)  
  16  0:46  Assimilator  
  17  0:50  Probe  
  17  0:54  Assimilator  
  18  1:03  Probe  
  19  1:10  Gateway  
  19  1:15  Probe  
  20  1:26  Cybernetics Core  
  21  1:37  Pylon  
Tags
 
Matchup
PvP
Spawn Locations
Cross Positions
Add a new tag
Caveats
  • Supply blocks, unpowered buildings, or Contaminate may cause inaccurate times.
  • Supply counts are checked every 10 seconds.